 Dungeon Crawl Stone Soup version 0.24-a0-458-gfcb5e6da0e (webtiles) character file.

Game seed: 7614942043301307199

133 KristoblXynda the Ducker (level 4, 0/35 HPs)
             Began as a Demonspawn Gladiator on June 26, 2019.
             Shot with a stone by a goblin (3 damage)
             ... led by Robin
             ... on level 2 of the Dungeon.
             The game lasted 00:04:24 (2660 turns).

KristoblXynda the Ducker (Demonspawn Gladiator)     Turns: 2660, Time: 00:04:24

Health: 0/35       AC:  3    Str: 15    XL:     4   Next: 93%
Magic:  4/4        EV: 15    Int: 10    God:
Gold:   48         SH:  0    Dex: 14    Spells: 3/3 levels left

rFire    . . .     SeeInvis .   a - +0 long sword
rCold    . . .     Gourm    .   (no shield)
rNeg     + . .     Faith    .   b - +0 leather armour
rPois    .         Spirit   .   m - +0 hat
rElec    .         Reflect  .   (no cloak)
rCorr    .         Harm     .   (no gloves)
MR       .....                  (no boots)
Stlth    +.........             (no amulet)
HPRegen  0.11/turn              c - ring of positive energy
MPRegen  0.09/turn              n - +2 ring of evasion

@: no status effects
A: antennae 1, demonic guardian 1, sturdy frame 1
a: no special abilities


You were on level 2 of the Dungeon.
You were hungry.

You visited 1 branch of the dungeon, and saw 2 of its levels.

You collected 48 gold pieces.

Inventory:

Hand Weapons
 a - a +0 long sword (weapon)
Missiles
 d - 3 throwing nets (quivered)
Armour
 b - a +0 leather armour (worn)
 m - a +0 hat (worn)
Jewellery
 c - a ring of positive energy (left hand)
 n - a +2 ring of evasion (right hand)
Scrolls
 e - a scroll of remove curse {unknown}
 i - a scroll of teleportation {unknown}
 j - a scroll of enchant armour {unknown}
 k - a scroll of magic mapping {unknown}
 l - a scroll of immolation {unknown}
 o - a scroll of enchant weapon {unknown}
Potions
 g - a potion of mutation {unknown}
 h - a potion of haste
Comestibles
 f - a ration


   Skills:
 + Level 3.0 Fighting
 + Level 3.4 Long Blades
 - Level 2.0 Throwing
 + Level 1.7 Armour
 + Level 3.4 Dodging


You had 3 spell levels left.
You didn't know any spells.
Your spell library was empty.

Dungeon Overview and Level Annotations

Branches:
Dungeon (2/15)

Altars:


Innate Abilities, Weirdness & Mutations

You have a pair of small antennae on your head.
A weak demonic guardian rushes to your aid.
Your movements are slightly less encumbered by armour. (ER -2)


Message History

You barely miss Robin.
Robin is heavily wounded.
Robin hits you with a +3 club.
* * * LOW HITPOINT WARNING * * *
You slash Robin!
You kill Robin!
Your Fighting skill increases to level 3!
The hobgoblin misses you.
You slash the hobgoblin!
You kill the hobgoblin!
You barely miss the hobgoblin.
The hobgoblin hits you but does no damage.
You barely miss the hobgoblin. The hobgoblin closely misses you.
You barely miss the hobgoblin.
The hobgoblin no longer looks unusually strong.
The hobgoblin barely misses you.
You slash the hobgoblin!
You kill the hobgoblin!
The goblin shoots a stone.
The stone hits you.
You die...

#.# #.# #.# #.# ### .# #.# #..
.> #.# #.# .# ### ###.######
#.# .#gg.
.........##########.###.#.##.
#...............@)gg.......g
#.##.....##.#######.###.#.#
#.###.#####.# #..{..g.....#..
#.# #.#####.###...............
#.###...................>.....
#...#######.###.###$#.#...#..#.
......###...........#.#...#....
........######...(....#...#..#
............###..............##


You could see a hobgoblin and a goblin.

Vanquished Creatures
  Robin (D:2)
  3 gnolls (D:2)
  3 adders (D:2)
  2 dart slugs (D:1)
  2 leopard geckos
  A giant cockroach (D:2)
  10 hobgoblins
  5 jackals (D:1)
  5 kobolds
  2 ball pythons
  4 bats
  3 frilled lizards (D:2)
  7 goblins
  6 rats
54 creatures vanquished.

Vanquished Creatures (collateral kills)
  An adder (D:2)
  A gnoll (D:2)
  A leopard gecko (D:2)
3 creatures vanquished.

Grand Total: 57 creatures vanquished

Notes
Turn   | Place    | Note
-------+----------+-------------------------------------------
     0 | D:1      | KristoblXynda the Demonspawn Gladiator began the quest for
                  | the Orb.
     0 | D:1      | Reached XP level 1. HP: 16/16 MP: 1/1
   523 | D:1      | Gained mutation: Your movements are slightly less
                  | encumbered by armour. (ER -2) [demonic ancestry]
   523 | D:1      | Reached XP level 2. HP: 18/22 MP: 2/2
   975 | D:1      | Gained mutation: You have a pair of small antennae on your
                  | head. [demonic ancestry]
   975 | D:1      | Reached XP level 3. HP: 22/28 MP: 3/3
  1535 | D:2      | Reached skill level 1 in Armour
  1811 | D:2      | Gained mutation: A weak demonic guardian rushes to your
                  | aid. [demonic ancestry]
  1811 | D:2      | Reached XP level 4. HP: 34/34 MP: 4/4
  2622 | D:2      | Noticed Robin
  2655 | D:2      | Killed Robin
  2660 | D:2      | Shot with a stone by a goblin

Levels and vault maps discovered:
D:1:      dpeg_arrival_brainrot, layout_loops_ring
D:2:      minmay_skewed_foursquare, layout_basic, led_sif_pool, uniq_robin

Skill      XL: |  1  2  3  4 |
---------------+-------------+-----
Throwing       | 2 |  2.0
Dodging        | 3 |  3.4
Long Blades    | 3 |  3.4
Armour         | 1 |  1.7
Fighting       | 3 |  3.0

Action                   |  1- 3 |  4- 6 || total
-------------------------+-------+-------++-------
Melee: Long sword        |    94 |    57 ||   151
  Use: Potion            |     2 |       ||     2
  Eat: Chunk             |     3 |     2 ||     5
Armor: Leather armour    |    20 |    10 ||    30
Dodge: Dodged            |    90 |    52 ||   142
       Rpst.: Long sword |    25 |    13 ||    38

Table legend:
 A = Non-vault XP
 B = Vault XP
 C = Vault XP percentage of total XP
 D = Non-vault monster count
 E = Vault monster count
 F = Vault count percentage of total count
                 A         B        C        D         E       F
            +---------+---------+-------+---------+---------+-------
      Total |     150 |      40 |  21.1 |      43 |      14 |  24.6
            +---------+---------+-------+---------+---------+-------
        D:1 |      41 |       2 |   4.7 |      22 |       1 |   4.3
        D:2 |     109 |      38 |  25.9 |      21 |      13 |  38.2
            +---------+---------+-------+---------+---------+-------
